 Dungeon Crawl Stone Soup version 0.29.1-1-gd02db6906a (webtiles) character file.

Game seed: 5029142509773052175

16658 freelancePsychic the Fighter (level 12, -2/133 HPs)
             Began as an Ogre Wanderer on Sept 16, 2022.
             Was a High Priest of Okawaru.
             Constricted to death by a naga (4 damage)
             ... on level 2 of the Lair of Beasts.
             The game lasted 00:24:02 (12053 turns).

freelancePsychic the Fighter (Ogre Wanderer)       Turns: 12053, Time: 00:24:02

Health: -2/133     AC:  6    Str: 23    XL:     12   Next: 39%
Magic:  16/16      EV:  5    Int: 10    God:    Okawaru [*****.]
Gold:   426        SH:  9    Dex: 11    Spells: 11/11 levels left

rFire   . . .      SeeInvis +   a - +4 broad axe (vamp)
rCold   . . .      Faith    .   K - +0 kite shield
rNeg    . . .      Spirit   .   h - +0 troll leather armour {Pargi}
rPois   +          Reflect  .   (helmet restricted)
rElec   .          Harm     .   P - +0 cloak
rCorr   .          Rampage  .   (gloves unavailable)
Will    +....                   (boots unavailable)
Stlth   +.........              z - amulet of regeneration
HPRegen 1.92/turn               v - ring of poison resistance
MPRegen 0.15/turn               o - ring of see invisible

@: constricted, very slow
A: large, unfitting armour, tough skin 1
a: Renounce Religion, Heroism, Finesse, Duel


You were on level 2 of the Lair of Beasts.
You worshipped Okawaru.
Okawaru was extremely pleased with you.
You visited 3 branches of the dungeon, and saw 15 of its levels.
You also visited: Sewer and Ossuary.

You collected 898 gold pieces.
You spent 472 gold pieces at shops.

Inventory:

Hand Weapons
 a - a +4 vampiric broad axe (weapon)
 b - the +9 broad axe "Watusmu" {holy, Str+2 Dex+2 Stlth+}
   (Okawaru gifted it to you on level 1 of the Lair of Beasts)

   It has been blessed by the Shining One to cause great damage to the undead
   and demons.
   Str:       It affects your strength (+2).
   Dex:       It affects your dexterity (+2).
   Stlth:     It makes you more stealthy.
 u - a +0 whip of venom
 X - a +2 vorpal broad axe
Missiles
 g - 118 stones
 i - 20 poisoned darts (quivered)
 l - 3 boomerangs
 n - 5 curare-tipped darts
 I - 3 boomerangs of dispersal
 J - 2 datura-tipped darts
 M - 8 large rocks
 N - a silver javelin
 O - 4 javelins
 Q - 3 silver boomerangs
 S - 5 atropa-tipped darts
Armour
 d - a +0 robe
 h - a +0 troll leather armour (worn) {Pargi}
 B - a +1 tower shield
 K - a +0 kite shield (worn)
 P - a +0 cloak (worn)
Magical Staves
 m - a staff of earth
Jewellery
 o - a ring of see invisible (right hand)
 s - a ring of protection from fire
 v - a ring of poison resistance (left hand)
 y - a ring of flight
 z - an amulet of regeneration (around neck)
 C - a +6 ring of strength
Wands
 j - a wand of roots (3)
 r - a wand of flame (22)
 R - a wand of polymorph (4)
Scrolls
 f - 11 scrolls of teleportation {@r4}
 q - 4 scrolls of fog
 E - 2 scrolls of immolation
 G - 2 scrolls of vulnerability
 L - a scroll of summoning
 T - a scroll of amnesia
 U - a scroll of fear
 W - 4 scrolls of identify {@r1}
Potions
 e - 3 potions of heal wounds {@q2}
 k - 2 potions of brilliance
 p - 3 potions of invisibility
 t - 3 potions of resistance
 w - a potion of mutation
 x - a potion of ambrosia
 A - 2 potions of curing {@q1}
 F - a potion of haste {@q3}
 H - 2 potions of might {unknown}
Miscellaneous
 c - a piece from Xom's chessboard (15/15)
 V - a condenser vane


   Skills:
 + Level 12.8 Fighting
 * Level 11.7 Axes
 - Level 3.3 Staves
 - Level 8.2 Throwing
 - Level 1.3 Dodging
 + Level 8.1 Shields
 - Level 1.7 Unarmed Combat
 - Level 6.0 Invocations
 - Level 1.0 Evocations


You had 11 spell levels left.
You didn't know any spells.
Your spell library contained the following spells:

 Spells                   Type           Power      Damage    Failure   Level
 Sting                    Tmut/Pois      0%         1d3       65%         1
 Poisonous Vapours        Pois/Air       0%         N/A       78%         2
 Conjure Flame            Conj/Fire      0%         6-21      95%         3
 Ignite Poison            Fire/Tmut/Pois 0%         N/A       95%         3
 Portal Projectile        Hex/Tloc       0%         N/A       95%         3
 Hailstorm                Conj/Ice       0%         3d3       100%        4
 Ice Form                 Ice/Tmut       0%         N/A       100%        4
 Leda's Liquefaction      Hex/Erth       0%         N/A       100%        4
 Olgreb's Toxic Radiance  Pois           0%         N/A       100%        4
 Sticky Flame             Conj/Fire      0%         2d3       100%        4
 Call Canine Familiar     Summ           Unusable   N/A       N/A         3
 Simulacrum               Ice/Necr       Unusable   N/A       N/A         6

Dungeon Overview and Level Annotations

Branches:
Dungeon (12/15)            Temple (1/1) D:5            Lair (2/5) D:11
  Snake (0/4) Lair:2          Orc (0/2) D:9           Sewer (visited)
Ossuary (visited)
  Swamp: Lair:2-3    Shoals: Lair:2-3

Altars:
Ashenzari
Cheibriados
Dithmenos
Elyvilon
Fedhas
Gozag
Hepliaklqana
Kikubaaqudgha
Makhleb
Nemelex Xobeh
Okawaru
Qazlal
Ru
Sif Muna
Trog
Uskayaw
Vehumet
Wu Jian
Xom
Yredelemnul
Zin
The Shining One

Shops:
D:3 (=??   D:9 [

Annotations:
D:8 2 transporters


Innate Abilities, Weirdness & Mutations

You are too large for most types of armour.
You have tough skin. (AC +1)


Message History

You block the splash of poison.
You are too injured to fight recklessly!
You are too injured to fight recklessly!
You are too injured to fight recklessly!
You are too injured to fight recklessly!
You are too injured to fight recklessly!
You are too injured to fight recklessly!
You are too injured to fight recklessly!
You are too injured to fight recklessly!
You are too injured to fight recklessly!
You are too injured to fight recklessly!
You are too injured to fight recklessly!
You are too injured to fight recklessly!
You are too injured to fight recklessly!
You are too injured to fight recklessly!
You are too injured to fight recklessly!
You are too injured to fight recklessly!
The naga's grasp on you weakens, but your attempt to escape fails.
You feel sick.
A blink frog comes into view.
The naga hits you with a +0 battleaxe! The naga constricts you.
The naga hits you with a +0 long sword!!
You block the naga's attack. The naga hits you with a +0 dire flail!
You escape the naga's grasp.
The naga attacks as you move away! The naga hits you with a +0 battleaxe.
You feel sick.
You are no longer poisoned.
The naga closely misses you. The naga grabs you. The naga constricts you.
You hit the naga.
You feel better.
The naga is severely wounded.
You hit the naga but do no damage. The naga hits you with a +0 scimitar!!
* * * LOW HITPOINT WARNING * * *
The naga constricts you.
* * * LOW HITPOINT WARNING * * *
The naga hits you with a +0 long sword!
* * * LOW HITPOINT WARNING * * *
The naga's grasp on you weakens, but your attempt to escape fails.
The naga hits you with a +0 scimitar!
* * * LOW HITPOINT WARNING * * *
The naga constricts you.
You die...

#.~~~~~ .#.#
##~~~~~~F .....
.P~~~...~ #...
P~~~~~~~. #..##
#~~.....P ##.?#
#~~...>.. #
##.#.#####N~~.....
##.#.#.....##NN~....~
.$.........!@NF~~P.~~
...........###.~~~~~~
.......<....# P.~~~~~
............# ##.....
..........)#.# ##...
............## ...
...........## ##
............
...........##


You could see a blink frog and 4 nagas.

Vanquished Creatures
  A hydra (Lair:1)
  2 two-headed ogres (D:11)
  Pikel (D:7)
  2 cyclopes (D:11)
  A manticore (D:11)
  Maurice (D:11)
  A cane toad (Lair:1)
  2 komodo dragons (Lair:1)
  Grinder (D:3)
  2 trolls
  3 blink frogs (Lair:1)
  3 shadows
  5 wyverns
  30 yaks
  A vampire (D:11)
  3 steam dragons
  2 basilisks (D:11)
  3 vampire mosquitoes (D:11)
  An acid dragon (D:11)
  Menkaure (D:7)
  5 water moccasins
  Duvessa (D:4)
  A swamp drake (D:9)
  Pargi (Sewer)
  2 black bears (D:5)
  A sky beast (D:7)
  5 orc warriors
  2 ogres
  3 centaurs
  2 kobold brigands
  3 bullfrogs
  2 necrophages
  A gnoll sergeant (D:8)
  Dowan (D:4)
  6 howler monkeys
  8 orc priests
  4 hounds
  A jelly (D:8)
  Ijyb (D:3)
  Jessica (D:3)
  3 iguanas
  Terence (D:3)
  13 orc wizards
  A hound skeleton (D:7)
  A mummy (Ossuary)
  7 gnolls
  8 adders
  A shadow imp (D:8)
  2 white imps (D:5)
  An ufetubus (D:5)
  3 worms
  4 dart slugs
  52 orcs
  5 spectral bats (Ossuary)
  10 endoplasms
  4 giant cockroaches
  2 goblins
  7 hobgoblins
  6 jackals
  2 quokkas (D:3)
  4 ball pythons
  5 bats
  5 bat simulacra (Ossuary)
  2 frilled lizards (Sewer)
  12 gnoll zombies (Ossuary)
  2 goblin simulacra (Ossuary)
  8 goblin zombies (Ossuary)
  18 kobolds
  3 kobold simulacra (Ossuary)
  5 kobold zombies (Ossuary)
  5 orc zombies (Ossuary)
  2 rats
  3 rat simulacra (Ossuary)
  5 spectral goblins (Ossuary)
  2 spectral kobolds (Ossuary)
  3 spectral rats (Ossuary)
334 creatures vanquished.

Vanquished Creatures (others)
  An orc wizard (D:9)
  3 fungi (D:11)
  9 plants (D:11)
13 creatures vanquished.

Grand Total: 347 creatures vanquished

Notes
Turn   | Place    | Note
-------+----------+-------------------------------------------
     0 | D:1      | freelancePsychic the Ogre Wanderer began the quest for the
                  | Orb.
     0 | D:1      | freelancePsychic set off with the following items: a +2
                  | quarterstaff, 2 scrolls of fog, a piece from Xom's
                  | chessboard (15/15), a +0 robe.
     0 | D:1      | Reached XP level 1. HP: 19/19 MP: 1/1
   271 | D:1      | Reached skill level 2 in Fighting
   271 | D:1      | Reached XP level 2. HP: 28/28 MP: 2/2
  1070 | D:2      | Reached skill level 1 in Throwing
  1070 | D:2      | Reached XP level 3. HP: 19/36 MP: 3/3
  1813 | D:2      | Reached skill level 3 in Fighting
  2278 | D:2      | Found a faded altar of an unknown god.
  2398 | D:3      | Noticed Jessica
  2457 | D:3      | Reached XP level 4. HP: 37/46 MP: 4/4
  2467 | D:3      | Noticed Terence
  2482 | D:3      | Killed Terence
  2483 | D:3      | Reached skill level 4 in Fighting
  2483 | D:3      | Reached XP level 5. HP: 26/54 MP: 5/5
  2597 | D:3      | Found Mungeufea's Magic Scroll Emporium.
  2640 | D:3      | Found Kyupaud's Antique Weapon Shoppe.
  2671 | D:3      | Found a glowing drain.
  2680 | Sewer    | Entered a sewer
  2910 | Sewer    | Noticed Pargi
  2922 | Sewer    | Killed Pargi
  2923 | Sewer    | Reached skill level 5 in Fighting
  2923 | Sewer    | Reached XP level 6. HP: 22/66 MP: 6/6
  3178 | D:3      | Found Abbotaeb's Jewellery Boutique.
  3205 | D:3      | Found Uxky's Magic Scroll Emporium.
  3309 | D:3      | Noticed Ijyb
  3323 | D:3      | Killed Ijyb
  3398 | D:3      | Killed Jessica
  3427 | D:3      | Noticed Grinder
  3433 | D:3      | Paralysed by Grinder for 3 turns
  3446 | D:3      | Paralysed by Grinder for 3 turns
  3459 | D:3      | Killed Grinder
  3460 | D:3      | Reached skill level 6 in Fighting
  3460 | D:3      | Reached XP level 7. HP: 63/76 MP: 7/7
  3559 | D:3      | Found a hazy altar of Hepliaklqana.
  3913 | D:4      | Reached skill level 1 in Axes
  3951 | D:4      | Reached skill level 7 in Fighting
  4088 | D:3      | Bought a glowing broad axe for 161 gold pieces
  4196 | D:4      | Noticed Dowan
  4221 | D:4      | Noticed Duvessa
  4541 | D:5      | Entered Level 5 of the Dungeon
  4742 | D:5      | Found a glowing silver altar of Zin.
  4780 | D:5      | Found a bloodstained altar of Trog.
  4840 | D:5      | Reached XP level 8. HP: 77/88 MP: 8/8
  4932 | D:5      | Reached skill level 8 in Fighting
  4932 | D:5      | Found a staircase to the Ecumenical Temple.
  4978 | Temple   | Entered the Ecumenical Temple
  5025 | Temple   | Became a worshipper of Warmaster Okawaru
  5140 | D:5      | Reached skill level 5 in Throwing
  5602 | D:6      | Found an opulent altar of Gozag.
  5649 | D:6      | Found a shadowy altar of Dithmenos.
  5919 | D:6      | Found a shimmering blue altar of Sif Muna.
  6123 | D:3      | Bought a runed broad axe for 161 gold pieces
  6209 | D:4      | Killed Duvessa
  6209 | D:4      | Reached * piety under Okawaru
  6210 | D:4      | Reached skill level 5 in Axes
  6210 | D:4      | Reached XP level 9. HP: 78/97 MP: 10/12
  6225 | D:4      | Killed Dowan
  6561 | D:7      | Reached skill level 9 in Fighting
  6561 | D:7      | Reached skill level 1 in Shields
  6625 | D:7      | Found a white marble altar of Elyvilon.
  6769 | D:7      | Noticed Pikel
  6778 | D:7      | Killed Pikel
  6796 | D:7      | Noticed Menkaure
  6802 | D:7      | Killed Menkaure
  6996 | D:7      | Found a sacrificial altar of Ru.
  7139 | D:7      | Reached ** piety under Okawaru
  7372 | D:7      | Found a burning altar of Makhleb.
  7534 | D:3      | Bought a scroll of enchant weapon for 75 gold pieces
  7661 | D:7      | Reached XP level 10. HP: 101/110 MP: 13/13
  7687 | D:8      | Reached skill level 10 in Fighting
  7780 | D:8      | Found an ancient bone altar of Kikubaaqudgha.
  7786 | D:8      | Noticed a death knight
  7787 | D:8      | Found the -2 hat of the Alchemist {rElec rPois rF+ rC+ rN+
                  | Will+ rMut rCorr}
  7788 | D:8      | Found a basalt altar of Yredelemnul.
  7788 | D:8      | Noticed a skeletal warrior
  7847 | D:8      | Found a blossoming altar of Fedhas.
  7888 | D:8      | Found a transporter.
  7903 | D:8      | Found a sand-covered staircase.
  7908 | Ossuary  | Entered an ossuary
  8010 | Ossuary  | Reached *** piety under Okawaru
  8107 | Ossuary  | Reached skill level 5 in Shields
  8402 | D:8      | Found a stormy altar of Qazlal.
  8719 | D:3      | Bought a scroll of enchant weapon for 75 gold pieces
  9123 | D:8      | Found a transporter.
  9241 | D:9      | You fall into a shaft and drop 3 floors!
  9380 | D:11     | Noticed Maurice
  9395 | D:11     | Killed Maurice
  9395 | D:11     | Received a gift from Okawaru
  9405 | D:11     | Noticed a manticore
  9423 | D:11     | Killed a manticore
  9498 | D:11     | Reached **** piety under Okawaru
  9506 | D:11     | Received a gift from Okawaru
  9592 | D:11     | Noticed a cyclops
  9597 | D:11     | Killed a cyclops
  9630 | D:11     | Noticed a two-headed ogre
  9641 | D:11     | Reached XP level 11. HP: 110/119 MP: 11/14
  9643 | D:11     | Killed a two-headed ogre
  9643 | D:11     | Received a gift from Okawaru
  9644 | D:11     | Reached skill level 11 in Fighting
  9705 | D:10     | Entered Level 10 of the Dungeon
  9747 | D:10     | Received a gift from Okawaru
  9843 | D:9      | Found Anuewaclu's Armour Emporium.
 10093 | D:9      | Found a staircase to the Orcish Mines.
 10367 | D:10     | Identified the +1 chain mail of Muff {rN+ Str+4}
 10430 | D:10     | Received a gift from Okawaru
 10571 | D:10     | Reached skill level 10 in Axes
 10864 | D:11     | Noticed a two-headed ogre
 10888 | D:11     | Killed a two-headed ogre
 10888 | D:11     | Reached ***** piety under Okawaru
 10906 | D:11     | Reached skill level 5 in Invocations
 10911 | D:11     | Reached skill level 12 in Fighting
 10984 | D:11     | Reached XP level 12. HP: 101/132 MP: 16/16
 11011 | D:11     | Found a staircase to the Lair.
 11120 | D:11     | Received a gift from Okawaru
 11492 | Lair:1   | Entered Level 1 of the Lair of Beasts
 11492 | Lair:1   | Noticed a seven-headed hydra
 11499 | Lair:1   | Killed a seven-headed hydra
 11782 | Lair:1   | Identified the +9 broad axe "Watusmu" {holy, Str+2 Dex+2
                  | Stlth+} (Okawaru gifted it to you on level 1 of the Lair of
                  | Beasts)
 11782 | Lair:1   | Received a gift from Okawaru
 12042 | Lair:2   | Found a staircase to the Snake Pit.
 12053 | Lair:2   | HP: 2/133 [naga/+0 scimitar (17)]
 12053 | Lair:2   | Constricted to death by a naga

Illustrated notes

Levels and vault maps discovered:
D:1:      onia_arrival_pyramid, layout_loops_corners
D:2:      layout_loops_cross, hellmonk_ecumenical_altar_inner_sanctum
D:3:      layout_rooms, general_overflow_altar, portal_sewer_entry_d,
          serial_shops, nicolae_shop_stone, shop_statue, nicolae_shop_stone,
          shop, uniq_ijyb, uniq_jessica, uniq_grinder, uniq_terence
D:4:      layout_loops_ring, mrwooster_statue_mirror, kennysheep_potato,
          uniq_duvessa
D:5:      layout_basic, lemuel_crystal_altar, overflow_temple_1_default,
          minmay_temple_entry_mini_moons
D:6:      layout_rooms, led_sif_pool, mainiacjoe_overflow_small_starburst,
          nicolae_gozag_cash_rules_everything_around_me
D:7:      layout_basic, nicolae_ru_awakened_eye, elyvilon_altar_1,
          makhleb_blood_cavern_becter, dk_noncrumbling_2, grunt_decor_junction,
          uniq_pikel, uniq_menkaure
D:8:      layout_cave_pools, old_standard_altar,
          nicolae_qazlal_scattered_showers, gammafunk_temple_of_torment,
          serial_rivers, chequers_serial_rivers_small_3,
          chequers_serial_rivers_small_3, chequers_serial_rivers_micro_c,
          chequers_serial_rivers_small_3, chequers_serial_rivers_large_b,
          nicolae_ossuary_entry_false_entrances
D:9:      layout_rooms, erik_orc_1, serial_shops, kennysheep_mini_moat
D:10:     minmay_flawed_box, layout_cross, minmay_orc_keep
D:11:     layout_roguey, minmay_lair_entry_grove, uniq_maurice
D:12:     layout_long_grid, minivault_5, uniq_jorgrun, uniq_nessos
Temple:   kb_temple_of_zot
Lair:1:   layout_hall_layers, lemuel_fruit_fields, grunt_megastairs_5
Lair:2:   layout_roguey, guppyfry_snake_entry_island, minmay_hedge_maze,
          cheibrodos_lair_lostbears, serial_bayou_shore_a, serial_bayou_shore_b,
          uniq_urug, uniq_sonja

Skill      XL: |  1  2  3  4  5  6  7  8  9 10 11 12 |
---------------+-------------------------------------+-----
Fighting       | 2 3 4 5 6 7 8 9 10 12 | 12.8
Throwing       | 1 2 3 4 5 6 7 8 |  8.2
Axes           | 3 5 7 8 10 11 | 11.7
Invocations    | 4 5 6 |  6.0
Shields        | 4 6 7 8 |  8.1
Staves         | |  3.3
Dodging        | |  1.3
Unarmed Combat | |  1.7
Evocations     | |  1.0

Action                   |  1- 3 |  4- 6 |  7- 9 | 10-12 || total
-------------------------+-------+-------+-------+-------++-------
Melee: Quarterstaff      |   100 |   117 |    48 |       ||   265
       Broad axe         |       |       |   159 |   464 ||   623
       Punch             |       |       |     3 |     5 ||     8
Throw: Stone             |     5 |       |       |       ||     5
       Boomerang         |       |     8 |    24 |    27 ||    59
       Dart              |       |     8 |     7 |     5 ||    20
       Large rock        |       |       |       |     1 ||     1
Invok: Heroism           |       |       |     1 |     8 ||     9
       Finesse           |       |       |       |     1 ||     1
Evoke: Piece from Xom's  |     1 |       |       |       ||     1
       Wand              |       |     2 |       |     4 ||     6
  Use: Scroll            |     3 |     2 |     8 |    11 ||    24
       Potion            |       |     4 |     3 |     2 ||     9
 Stab: Sleeping          |     1 |     2 |       |       ||     3
       Invisible         |       |     1 |       |       ||     1
Armor: Robe              |    40 |    19 |       |       ||    59
       Troll leather arm |       |    18 |    72 |   137 ||   227
       Skin              |       |       |    19 |       ||    19
Dodge: Dodged            |    53 |    78 |   111 |   156 ||   398
Block: Kite shield       |       |       |       |   181 ||   181
       Tower shield      |       |       |       |    18 ||    18
